AoeStats
← Daniel Gaming

Hideout

510004014Analyzed
1v1 RM · 5d ago on Sep 29, 2026· 53m 27s· 2 players
Game mode
Random Map
Map size
Tiny (2 player)
Population
200
Speed
Normal
Resources
Standard
Victory
Conquest
Starting age
Dark Age
Ending age
Imperial Age
RankedLock teamsTeams togetherTeam positionsShared explorationLock speedFull tech treeHidden civsTurbo modeCheats
Victory
Defeat
🇺🇸 Japanese · United States
1095
+15
🇺🇸 Vietnamese · United States
1077
-15
Tim
5:19 Loom
8:51 Feudal Age
9:49 Double-Bit Axe
13:24 Gold Mining
14:49 Wheelbarrow
14:01 Town Watch
17:34 Fletching
23:44 Castle Age
24:24 Bodkin Arrow
23:50 Crossbowman
31:00 Bow Saw
38:21 Light Cavalry
39:02 Husbandry
39:12 Bloodlines
44:11 Imperial Age
43:15 Masonry
44:46 Onager
45:57 Bracer
46:39 Scale Barding Armor
46:26 Arbalester
49:27 Chemistry
48:48 Ballistics
51:22 Two-Man Saw
Daniel Gaming
11:17 Feudal Age
9:33 Loom
11:23 Feudal Age
14:57 Castle Age
12:45 Double-Bit Axe
13:36 Horse Collar
27:16 Elite Skirmisher
27:50 Fletching
28:01 Padded Archer Armor
30:18 Scale Mail Armor
30:28 Forging
30:51 Heavy Plow
31:14 Bow Saw
33:43 Chain Mail Armor
35:04 Bodkin Arrow
35:24 Leather Archer Armor
38:45 Imperial Age
37:29 Gold Mining
37:31 Stone Mining
37:55 Thumb Ring
38:28 Iron Casting
38:31 Wheelbarrow
37:42 Town Watch
39:37 Gold Shaft Mining
39:33 Hand Cart
40:55 Town Patrol
41:27 Guard Tower
41:59 Ballistics
42:40 Chemistry
43:59 Two-Man Saw
43:03 Squires
42:48 Arson
43:26 Conscription
44:50 Hoardings
44:42 Kataparuto
44:16 Elite Samurai
46:09 Blast Furnace
45:47 Plate Mail Armor
47:44 Keep
47:21 Fortified Wall
47:07 Murder Holes
46:52 Treadmill Crane
47:24 Masonry
49:12 Siege Engineers
49:21 Bracer
49:52 Ring Archer Armor
49:28 Yasama
Connection lost

Rejoining the realm…

Still unreachable

The connection could not be restored.

Session expired

The server has moved on; the page needs a fresh start.